 Dungeon Crawl Stone Soup version 0.31.0-9-g3a7656b989 (webtiles) character file.

Game seed: 17345512960804305490

33 qw the Shooter (level 3, -1/20 HPs)
             Began as a Deep Elf Hunter on Feb 2, 2024.
             Slain by a jackal (3 damage)
             ... on level 2 of the Dungeon.
             The game lasted 00:00:02 (1120 turns).

qw the Shooter (Deep Elf Hunter)                    Turns: 1120, Time: 00:00:03

Health: -1/20      AC:  5    Str: 10    XL:     3   Next: 12%
Magic:  5/5        EV: 11    Int: 13    God:
Gold:   89         SH:  0    Dex: 18    Spells: 2/2 levels left

rFire   . . .        a - +1 shortbow
rCold   . . .        (shield currently unavailable)
rNeg    . . .        f - +0 ring mail
rPois   .            (no helmet)
rElec   .            (no cloak)
rCorr   .            (no gloves)
SInv    +            (no boots)
Will    .....        (no amulet)
Stlth   +            h - ring of see invisible
HPRegen 0.23/turn    (no ring)
MPRegen 0.09/turn

%: no passive effects
@: no status effects
A: no striking features
a: no special abilities


You were on level 2 of the Dungeon.
You visited 1 branch of the dungeon, and saw 2 of its levels.

You collected 89 gold pieces.


   Skills:
 - Level 1.5 Fighting
 + Level 6.7 Ranged Weapons
 - Level 2.4 Dodging
 - Level 1.2 Stealth


You had 2 spell levels left.
You didn't know any spells.
Your spell library was empty.

Inventory:

Hand Weapons
 a - a +1 shortbow (weapon)
Armour
 f - a +0 ring mail (worn)
Jewellery
 h - a ring of see invisible (left hand)
Scrolls
 b - a scroll of noise {unknown}
Potions
 g - a potion of magic {unknown}

Dungeon Overview and Level Annotations

Branches:
Dungeon (2/15)

Altars:


Message History

The arrow closely misses the ball python.
The arrow closely misses the jackal.
You shoot an arrow.
The arrow closely misses the ball python.
The arrow closely misses the jackal.
You shoot an arrow.
The arrow hits the ball python but does no damage.
The ball python is severely wounded.
You hear a bark!
A jackal comes into view.
The ball python misses you. The ball python barely misses you.
You shoot an arrow.
The arrow closely misses the ball python.
The ball python misses you. The ball python grabs you.
The ball python constricts you.
The ball python bites you but does no damage.
The ball python constricts you.
You shoot an arrow.
The arrow closely misses the ball python.
The jackal closely misses you. The jackal bites you. x2
The ball python barely misses you. The ball python constricts you.
The jackal barely misses you. x2
You shoot an arrow.
The arrow closely misses the ball python.
The jackal closely misses you. The jackal bites you. x2
The ball python bites you but does no damage.
The ball python constricts you. The jackal closely misses you.
The jackal barely misses you. The jackal bites you.
You shoot an arrow. The arrow hits the ball python.
You kill the ball python!
The jackal closely misses you. The jackal bites you. x2
You shoot an arrow. The arrow barely misses the jackal.
The jackal bites you but does no damage.
The jackal misses you.
The jackal bites you but does no damage.
The jackal closely misses you. The jackal bites you.
The jackal barely misses you.
You shoot an arrow. The arrow barely misses the jackal.
The jackal bites you. x2
You die...

#.# ##.###.###..#####
#.###.## ##.##..#....
#.##.## ##......#
#.###.## ##..#..######
#..%...# #...........#
#..####.#....#..####.
##............#..#
............###..##
##..........# #.@.#
....>.......# #hhh......
####.......###.#..##....
# ....... #.###.# ..( #
.......#.# #. .. #.####
## #. . .. . .


You could see 3 jackals.

Vanquished Creatures
  2 dart slugs (D:1)
  A bat (D:1)
  2 endoplasms
  A giant cockroach (D:1)
  A goblin (D:1)
  9 hobgoblins
  A quokka (D:1)
  4 ball pythons
  2 frilled lizards (D:1)
  2 kobolds (D:1)
  2 rats (D:1)
27 creatures vanquished.

Notes
Turn   | Place    | Note
-------+----------+-------------------------------------------
     0 | D:1      | qw the Deep Elf Hunter began the quest for the Orb.
     0 | D:1      | Reached XP level 1. HP: 12/12 MP: 3/3
     0 | D:1      | 0 ||| qw: Version: 0.3-a-155-g5e7d8dd
     0 | D:1      | 0 ||| qw: Game counter: 1471
     0 | D:1      | 0 ||| qw: Melee chars always use a shield: true
     0 | D:1      | 0 ||| qw: God list: Okawaru
     0 | D:1      | 0 ||| qw: Allow faded altars: false
     0 | D:1      | 0 ||| qw: Do Orc after clearing Dungeon:15 true
     0 | D:1      | 0 ||| qw: Do second Lair branch before Depths: true
     0 | D:1      | 0 ||| qw: Lair rune preference: random
     0 | D:1      | 0 ||| qw: Goals: Normal
     0 | D:1      | 0 ||| PLANNING D:1-11
   135 | D:1      | Reached XP level 2. HP: 12/16 MP: 4/4
   138 | D:1      | Reached skill level 6 in Ranged Weapons
   863 | D:1      | Reached XP level 3. HP: 20/20 MP: 5/5
   880 | D:1      | 880 ||| UPGRADING to +0 ring mail.
   890 | D:1      | 890 ||| DROPPING +0 leather armour.
   891 | D:1      | 891 ||| UPGRADING to ring of see invisible.
   892 | D:1      | 892 ||| READING scroll labelled COUXKOOWK HARPH.
   896 | D:1      | 896 ||| READING scroll labelled APIEXKOIDI.
   896 | D:1      | 896 ||| ENCHANTING +0 shortbow.
   897 | D:1      | 897 ||| DROPPING scroll of butterflies.
  1119 | D:2      | HP: 5/20 [jackal (2)]
  1120 | D:2      | HP: 2/20 [jackal (3)]
  1120 | D:2      | Slain by a jackal

Levels and vault maps discovered:
D:1:      co_arrival_square_in_a_square_in_a_square, layout_basic,
          minmay_pentomino_u2
D:2:      layout_loops_ring, serial_bayou_pond_d

Skill      XL: |  1  2 |
---------------+-------+-----
Ranged Weapons | 6 |  6.7
Fighting       | |  1.5
Dodging        | |  2.4
Stealth        | |  1.2

Action                     || total
---------------------------++-------
   Fire: Shortbow          ||    64
    Use: Scroll            ||     2
 Armour: Leather armour    ||     5
         Ring mail         ||    14
  Dodge: Dodged            ||    23

Table legend:
 A = Non-vault XP
 B = Vault XP
 C = Vault XP percentage of total XP
 D = Non-vault monster count
 E = Vault monster count
 F = Vault count percentage of total count
                 A         B        C        D         E       F
            +---------+---------+-------+---------+---------+-------
      Total |      45 |       3 |   6.2 |      25 |       2 |   7.4
            +---------+---------+-------+---------+---------+-------
        D:1 |      39 |       3 |   7.1 |      21 |       2 |   8.7
        D:2 |       6 |       0 |   0.0 |       4 |       0 |   0.0
            +---------+---------+-------+---------+---------+-------
